 Dungeon Crawl Stone Soup version 0.29.1-2-gbd0b4ee654 (webtiles) character file.

Game seed: 10179997405518495473

42 KittyFluff the Trooper (level 3, -1/24 HPs)
             Began as a Gargoyle Berserker on Nov 16, 2022.
             Was a Believer of Trog.
             Slain by an orc priest
             ... wielding a +0 flail
              (6 damage)
             ... on level 3 of the Dungeon.
             The game lasted 00:07:14 (1658 turns).

KittyFluff the Trooper (Gargoyle Berserker)         Turns: 1658, Time: 00:07:15

Health: -1/24      AC:  5    Str: 20    XL:     3   Next: 56%
Magic:  3/3        EV: 12    Int:  7    God:    Trog [**....]
Gold:   92         SH:  0    Dex: 11    Spells: 2/2 levels left

rFire   . . .      SeeInvis .   a - +0 mace
rCold   . . .      Faith    .   (no shield)
rNeg    + . .      Spirit   .   b - +0 animal skin
rPois   ∞          Reflect  .   (no helmet)
rElec   +          Harm     .   (no cloak)
rCorr   .          Rampage  .   (no gloves)
Will    .....                   (no boots)
Stlth   +.........              (no amulet)
HPRegen 0.08/turn               (no ring)
MPRegen 0.08/turn               (no ring)

@: no status effects
A: sickness immunity, AC +3, negative energy resistance 1, electricity
resistance, torment resistance 1, petrification resistance
a: Renounce Religion, Berserk, Trog's Hand


You were on level 3 of the Dungeon.
You worshipped Trog.
Trog was pleased with you.
You visited 1 branch of the dungeon, and saw 3 of its levels.

You collected 92 gold pieces.

Inventory:

Hand Weapons
 a - a +0 mace (weapon)
Missiles
 i - 2 atropa-tipped darts (quivered)
Armour
 b - a +0 animal skin (worn)
 h - an orb of guile
Scrolls
 c - a scroll of identify
 f - 2 scrolls of poison {unknown}
 g - 2 scrolls of teleportation {unknown}
Potions
 e - 2 potions of heal wounds
 j - 2 potions of ambrosia
 k - 2 potions of mutation


   Skills:
 + Level 3.7 Fighting
 + Level 3.6 Maces & Flails
 * Level 2.4 Armour
 + Level 2.0 Dodging
 + Level 0.4 Stealth


You had 2 spell levels left.
You didn't know any spells.
Your spell library contained the following spells:

 Spells                   Type           Power      Damage    Failure   Level
 Blink                    Tloc           0%         N/A       56%         2
 Manifold Assault         Tloc           0%         N/A       100%        5
 Storm Form               Tmut/Air       0%         N/A       100%        7


Dungeon Overview and Level Annotations

Branches:
Dungeon (3/15)

Altars:


Innate Abilities, Weirdness & Mutations

You are immune to sickness and miasma.
Your stone body is resilient. (AC +3)
You are immune to poison.
You resist negative energy. (rN+)
You are resistant to electric shocks. (rElec)
You are resistant to unholy torment.
You are immune to petrification.


Message History

The orc closely misses you.
You hit the orc.
You kill the orc!
Trog accepts your kill.
You see here a +0 flail.
An orc comes into view. It is wielding a +0 trident.
The orc closely misses you. The orc hits you with a +0 trident.
You closely miss the orc. The orc hits you with a +0 trident.
You barely miss the orc. The orc misses you.
You barely miss the orc. The orc barely misses you. The orc closely misses you.
You hit the orc.
The orc is heavily wounded.
The orc misses you.
You completely miss the orc.
The orc is heavily wounded.
The orc hits you but does no damage.
You thump the orc!
You kill the orc!
Trog accepts your kill.
You now have 92 gold pieces (gained 14).
You see here a +0 trident.
You start resting.
An orc priest comes into view. It is wielding a +0 flail.
The orc priest shouts!
You see here a +0 trident.
The orc priest hits you with a +0 flail.
You closely miss the orc priest. The orc priest closely misses you.
You completely miss the orc priest.
The orc priest looks encouraged for a moment.
The orc priest closely misses you.
You barely miss the orc priest. The orc priest closely misses you.
You hit the orc priest.
The orc priest is moderately wounded.
The orc priest hits you with a +0 flail!
* * * LOW HITPOINT WARNING * * *
You closely miss the orc priest.
The orc priest is moderately wounded.
The orc priest hits you with a +0 flail.
You die...

######### #.......#
#..>....# ##.......#
#........# #........#
#........############
#...............)...######
#.##########..).@o.....(.#
#.#.########.######.####.##
)..<.......)...............
#.....##.#..........####.##
###.#.# ##.†#####..# #.#.#
#............ ... .
##...$........ ...#..
..#####....... .... ## #.#
#..#####


You could see an orc priest.

Vanquished Creatures
  3 orcs (D:3)
  2 bats (D:2)
  An endoplasm (D:1)
  4 giant cockroaches
  4 goblins
  2 hobgoblins
  7 jackals (D:1)
  A quokka (D:2)
  4 ball pythons
  2 frilled lizards (D:1)
  4 rats
34 creatures vanquished.

Notes
Turn   | Place    | Note
-------+----------+-------------------------------------------
     0 | D:1      | KittyFluff the Gargoyle Berserker began the quest for the
                  | Orb.
     0 | D:1      | Reached XP level 1. HP: 14/14 MP: 1/1
    75 | D:1      | Found a faded altar of an unknown god.
   383 | D:1      | Reached XP level 2. HP: 19/19 MP: 2/2
   772 | D:1      | Reached XP level 3. HP: 20/24 MP: 3/3
  1554 | D:3      | Reached ** piety under Trog
  1658 | D:3      | Slain by an orc priest

Illustrated notes

Levels and vault maps discovered:
D:1:      ebering_trefoil_twist, layout_loops_corners,
          dreamdust_ecumenical_altar_angels_and_demons,
          nicolae_figureground_pulse
D:2:      layout_basic, nrook_mini_backslash
D:3:      layout_loops_ring

Skill      XL: |  1  2  3 |
---------------+----------+-----
Dodging        | 2 |  2.0
Fighting       | |  3.7
Maces & Flails | |  3.6
Armour         | |  2.4
Stealth        | |  0.4

Action                   || total
-------------------------++-------
Melee: Mace              ||   105
  Use: Scroll            ||     4
 Stab: Sleeping          ||     1
Armor: Animal skin       ||    32
Dodge: Dodged            ||    70
